 Dungeon Crawl Stone Soup version 0.30-a0-802-gb92711bcdf (webtiles) character file.

Game seed: 18151952725760152533

101 cforsyth the Sneak (level 5, 0/32 HPs)
             Began as a Kobold Brigand on Feb 24, 2023.
             Slain by an orc
             ... wielding a +0 flail
              (8 damage)
             ... on level 3 of the Dungeon.
             The game lasted 00:02:24 (2690 turns).

cforsyth the Sneak (Kobold Brigand)                 Turns: 2690, Time: 00:02:24

Health: 0/32       AC:  3    Str:  8    XL:     5   Next: 4%
Magic:  5/5        EV: 15    Int: 13    God:
Gold:   81         SH:  0    Dex: 18    Spells: 4/4 levels left

rFire   . . .      SeeInvis .    a - +2 dagger
rCold   . . .      Faith    .    (no shield)
rNeg    . . .      Spirit   .    b - +0 robe
rPois   .          Reflect  .    (no helmet)
rElec   .          Harm     .    c - +0 cloak
rCorr   .          Rampage  .    (no gloves)
Will    .....                    (no boots)
Stlth   ++++                     (no amulet)
HPRegen 0.25/turn                (no ring)
MPRegen 0.09/turn                (no ring)

@: no status effects
A: small, no large weapons, nightstalker 3
a: no special abilities


You were on level 3 of the Dungeon.
You visited 1 branch of the dungeon, and saw 3 of its levels.

You collected 81 gold pieces.

Inventory:

Hand Weapons
 a - a +2 dagger (weapon)
Missiles
 d - 9 poisoned darts (quivered)
 e - 3 curare-tipped darts
Armour
 b - a +0 robe (worn)
 c - a +0 cloak (worn)
Jewellery
 k - a +6 ring of strength
Scrolls
 f - a scroll of teleportation {unknown}
 g - a scroll of poison {unknown}
 h - 3 scrolls of identify {unknown}
 i - a scroll of vulnerability {unknown}
 j - a scroll of blinking {unknown}
 o - a scroll of enchant armour {unknown}
 p - a scroll of summoning {unknown}
Potions
 l - a potion of curing {unknown}
 m - a potion of cancellation {unknown}
 n - a potion of degeneration {unknown}


   Skills:
 + Level 3.2 Fighting
 + Level 3.9 Short Blades
 - Level 2.1 Throwing
 + Level 2.8 Dodging
 + Level 6.2 Stealth


You had 4 spell levels left.
You didn't know any spells.
Your spell library was empty.

Dungeon Overview and Level Annotations

Branches:
Dungeon (3/15)

Altars:


Innate Abilities, Weirdness & Mutations

You are small and have problems with some larger weapons.
You are completely attuned to the shadows.


Message History

You kill the orc wizard!
The orc barely misses you.
You have reached level 5!
You feel clever.
You hit the orc.
The orc is lightly wounded.
The orc hits you with a +0 short sword.
You hit the orc but do no damage.
The orc is lightly wounded.
The orc hits you with a +0 short sword.
You hit the orc.
The orc is heavily wounded.
The orc closely misses you.
An orc comes into view. It is wielding a +0 flail.
You hit the orc but do no damage.
The orc is heavily wounded.
The orc closely misses you.
You hit the orc.
You kill the orc!
Things that are here:
a +0 short sword; a +0 leather armour Unknown command.
You hit the orc but do no damage. The orc hits you with a +0 flail.
* * * LOW HITPOINT WARNING * * *
You hit the orc but do no damage. The orc completely misses you.
You hit the orc.
The orc is lightly wounded.
The orc barely misses you.
You hit the orc.
The orc is heavily wounded.
The orc closely misses you.
You barely miss the orc.
The orc is heavily wounded.
You hit the orc.
The orc is almost dead.
The orc misses you.
You hit the orc but do no damage.
The orc is almost dead.
The orc hits you with a +0 flail!
You die...

#.# # .###.##### #
.........# #
<###.###.# # #.# #.#
# #.###.### ##+##
#........ ##<).##
##.#.#.## ##@....##
#..###.# ##.o.....##
#.#.#.##
#.........###....###
+.........'.........
#.........###o.....>
##.......## ###.#.##
##.....## ###.#
##...## #.# ##+##
#o#


You could see an orc.

Vanquished Creatures
  An orc wizard (D:3)
  2 adders (D:2)
  A worm (D:2)
  2 dart slugs (D:2)
  4 orcs
  A ball python (D:1)
  8 endoplasms
  2 giant cockroaches (D:1)
  3 goblins (D:1)
  5 hobgoblins (D:2)
  A quokka (D:2)
  2 bats
  A frilled lizard (D:2)
  7 kobolds
  5 rats
45 creatures vanquished.

Notes
Turn   | Place    | Note
-------+----------+-------------------------------------------
     0 | D:1      | cforsyth the Kobold Brigand began the quest for the Orb.
     0 | D:1      | Reached XP level 1. HP: 12/12 MP: 1/1
   328 | D:1      | Reached XP level 2. HP: 18/18 MP: 2/2
   975 | D:2      | Reached XP level 3. HP: 3/22 MP: 3/3
  1474 | D:2      | Reached XP level 4. HP: 27/27 MP: 4/4
  1494 | D:2      | Reached skill level 6 in Stealth
  2678 | D:3      | Reached XP level 5. HP: 14/32 MP: 5/5
  2690 | D:3      | Slain by an orc

Illustrated notes

Levels and vault maps discovered:
D:1:      grunt_arrival_lava_bath, layout_loops_corners, minmay_fountain_box,
          nicolae_titane
D:2:      layout_basic, serial_rivers, chequers_serial_rivers_small_a,
          chequers_serial_rivers_large_b, chequers_serial_rivers_small_3,
          chequers_serial_rivers_small_3, chequers_serial_rivers_room_b,
          minmay_misc_feat_doors
D:3:      layout_loops_corners, hangedman_decor_slide_cut

Skill      XL: |  1  2  3  4 |
---------------+-------------+-----
Short Blades   | 3 |  3.9
Dodging        | 2 |  2.8
Stealth        | 6 |  6.2
Fighting       | 3 |  3.2
Throwing       | |  2.1

Action                     |  1- 3 |  4- 6 || total
---------------------------+-------+-------++-------
  Melee: Dagger            |    70 |    55 ||   125
         Punch             |     1 |     2 ||     3
   Stab: Sleeping          |    21 |     5 ||    26
         Distracted        |     2 |       ||     2
 Armour: Robe              |     3 |     6 ||     9
  Dodge: Dodged            |    14 |    43 ||    57

Table legend: (Time is in decaauts)
 A = Elapsed time spent in this place.
 B = Non-inter-level travel time spent in this place.
 C = Inter-level travel time spent in this place.
 D = Time resting spent in this place.
 E = Time spent auto-exploring this place.
 F = Levels seen in this place.
 G = Mean time per level.
                   A        B        C        D        E       F      G
               +--------+--------+--------+--------+--------+-----+--------+
         Total |   2706 |   2656 |     50 |    342 |   1952 |   3 |  902.0 |
       Dungeon |   2706 |   2656 |     50 |    342 |   1952 |   3 |  902.0 |
               +--------+--------+--------+--------+--------+-----+--------+

Top non-repeatable levels by time:
     D:2: 1594 daAuts
     D:1: 953 daAuts
     D:3: 158 daAuts
